 Dungeon Crawl Stone Soup version 0.30-b1-2-g02819fbbbe (webtiles) character file.

Game seed: 1143662486955889865

77946 erloom the Cleaver (level 15, -1/111 HPs)
             Began as a Demonspawn Gladiator on May 14, 2023.
             Was the Champion of Ru.
             Slain by an orc warlord
             ... wielding a +1 long sword of holy wrath
              (16 damage)
             ... on level 13 of the Dungeon.
             The game lasted 01:10:35 (27754 turns).

erloom the Cleaver (Demonspawn Gladiator)          Turns: 27754, Time: 01:10:35

Health: -1/111     AC: 15    Str: 20    XL:     15   Next: 16%
Magic:  0/15       EV: 22    Int: 10    God:    Ru [******]
Gold:   2298       SH:  0    Dex: 16    Spells: 14/14 levels left

rFire   + + .        a - +7 executioner's axe (pain)
rCold   . . .        (shield currently unavailable)
rNeg    . . .        H - +1 ring mail {rC+}
rPois   +            (helmet restricted)
rElec   +            c - +0 cloak
rCorr   .            E - +0 pair of gloves
SInv    .            x - +3 pair of seven-league boots {Rampage+∞}
Will    +....        N - amulet of guardian spirit Stlth
                     k - ring of poison resistance
HPRegen 0.38/turn    t - ring "Cogy Ciu" {Drain rElec rF+ EV+5}
MPRegen 0.14/turn

%: guardian spirit, rampage+∞
@: mighty, exhausted, unable to read
A: horns 2, molten scales 2, demonic guardian 2, frail 1, powered by pain 1,
inability to read after injury 2, no stealth, inability to train armour, no air
magic, no hexes magic, no translocations magic, unskilled 1, fire resistance 1,
electricity resistance, cold vulnerability 1
a: Renounce Religion, Draw Out Power, Power Leap, Apocalypse


You were on level 13 of the Dungeon.
You worshipped Ru.
Ru was exalted by your worship.
You visited 4 branches of the dungeon, and saw 22 of its levels.
You also visited: Sewer and Ice Cave.

You collected 2538 gold pieces.
You spent 240 gold pieces at shops.

Inventory:

Hand Weapons
 a - a +7 executioner's axe of pain (weapon)
 e - a +3 heavy war axe
 r - the +6 shillelagh "Devastator" {shatter}
   (You found it on level 11 of the Dungeon)
 A - a +1 dagger of flaming
 M - the +0 whip of Mourning {antimagic, Str+3 Int-4 Dex+5 SInv}
   (You found it on level 6 of the Dungeon)

   Str:       It affects your strength (+3).
   Int:       It affects your intelligence (-4).
   Dex:       It affects your dexterity (+5).
   SInv:      It lets you see invisible.
 Q - a +1 whip of flaming
Missiles
 d - 6 throwing nets (quivered)
 V - 3 boomerangs of dispersal
Armour
 c - a +0 cloak (worn)
 x - the +3 pair of seven-league boots (worn) {Rampage+∞}
   (You found it on level 2 of the Lair of Beasts)

   Rampage+∞: When moving toward enemies, its wearer moves as far as possible.
 y - the +1 pair of boots of Zetoripi {rC++ rN+ Dex-2}
   (You found it on level 11 of the Dungeon)

   Dex:       It affects your dexterity (-2).
   rC:        It greatly protects you from cold.
   rN:        It protects you from negative energy.
 E - a +0 pair of gloves (worn)
 H - a +1 ring mail of cold resistance (worn)
 T - +0 steam dragon scales
Jewellery
 k - a ring of poison resistance (left hand)
 t - the ring "Cogy Ciu" (right hand) {Drain rElec rF+ EV+5}
   (You found it on level 2 of the Dungeon)

   [ring of evasion]

   EV:        It affects your evasion (+5).
   rF:        It protects you from fire.
   rElec:     It insulates you from electricity.
   Drain:     It drains your maximum health when unequipped.
 I - a ring of wizardry
 N - an amulet of guardian spirit (around neck)
 O - a ring of see invisible
 X - a ring of flight
Wands
 m - a wand of flame (62)
 o - a wand of roots (21)
 R - a wand of mindburst (10)
 S - a wand of acid (13)
 U - a wand of paralysis (15)
Scrolls
 f - 2 scrolls of amnesia
 g - 2 scrolls of magic mapping
 j - 3 scrolls of fog
 l - 3 scrolls of poison
 n - 4 scrolls of vulnerability
 s - 6 scrolls of enchant armour
 C - a scroll of brand weapon
 D - 3 scrolls of immolation
 F - 3 scrolls of blinking
 G - 3 scrolls of enchant weapon
 J - 4 scrolls of teleportation {unknown}
 L - a scroll of fear {unknown}
Potions
 h - 13 potions of curing
 i - 4 potions of mutation
 p - a potion of resistance
 q - a potion of attraction
 u - 3 potions of degeneration
 v - 2 potions of might
 w - a potion of haste
 z - 3 potions of brilliance
 B - 2 potions of flight
 K - 4 potions of heal wounds
 P - 4 potions of lignification
 W - a potion of ambrosia
 Y - a potion of berserk rage {unknown}
Miscellaneous
 b - a piece from Xom's chessboard (15/15)


   Skills:
 + Level 13.5 Fighting
 + Level 14.5 Axes
 - Level 1.5 Throwing
 + Level 12.7 Dodging
 - Level 2.0 Evocations


You had 14 spell levels left.
You didn't know any spells.
Your spell library contained the following spells:

 Spells                   Type           Power      Damage    Failure   Level
 Beastly Appendage        Tmut           0%         N/A       54%         1
 Magic Dart               Conj           0%         1d3       54%         1
 Searing Ray              Conj           0%         2d4       69%         2
 Wereblood                Tmut           0%         N/A       69%         2
 Call Canine Familiar     Summ           0%         N/A       89%         3
 Spider Form              Tmut/Pois      0%         N/A       89%         3
 Blade Hands              Tmut           0%         N/A       100%        5
 Lesser Beckoning         Tloc           Unusable   N/A       N/A         2
 Gell's Gravitas          Tloc           Unusable   N/A       N/A         3
 Portal Projectile        Hex/Tloc       Unusable   N/A       N/A         3
 Teleport Other           Tloc           Unusable   N/A       N/A         3
 Tukima's Dance           Hex            Unusable   N/A       N/A         3
 Fulminant Prism          Conj/Hex       Unusable   3d5       N/A         4
 Leda's Liquefaction      Hex/Erth       Unusable   N/A       N/A         4

Dungeon Overview and Level Annotations

Branches:
Dungeon (14/15)            Temple (1/1) D:6            Lair (5/5) D:10
  Swamp (0/4) Lair:3        Snake (0/4) Lair:2        Slime (0/5) Lair:5
    Orc (2/2) D:11            Elf (0/3) Orc:2        Vaults (0/5) D:14
  Sewer (visited)           IceCv (visited)

Altars:
Ashenzari
Cheibriados
Dithmenos
Fedhas
Gozag
Hepliaklqana
Kikubaaqudgha
Makhleb
Nemelex Xobeh
Okawaru
Qazlal
Ru
Sif Muna
Trog
Uskayaw
Vehumet
Wu Jian
Xom
Yredelemnul
Jiyva
Lugonu

Shops:
D:6 =   Orc:2 :[:!

Annotations:
D:8 4 transporters, 3 runed translucent doors, Nattefrost's ghost, journeyman HuFi; diceflayer's ghost, novice DsHu
D:9 2 transporters, codl's ghost, novice AtBe
Lair:3 1 runed translucent door, kSektR's ghost, journeyman MiFi


Innate Abilities, Weirdness & Mutations

You have a pair of horns on your head.
You are mostly covered in molten scales. (AC +3)
A demonic guardian rushes to your aid.
You are frail. (-10% HP)
You sometimes gain a little power by taking damage.
You sometimes lose the ability to read scrolls when taking damage.
You cannot be stealthy.
You cannot train Armour skill.
You cannot study or cast Air magic.
You cannot study or cast Hexes magic.
You cannot study or cast Translocations magic.
You are somewhat unskilled. (-1 Apt)
Your flesh is heat resistant. (rF+)
You are resistant to electric shocks. (rElec)
You are vulnerable to cold. (rC-)


Message History

You can't leap on top of the monster!
Aiming: Power Leap
Press: ? - help, Dir - move target, f/p - orc warrior
Aim: an orc warrior, wielding a +0 war axe and wearing a +0 plate armour (strong)
You can't leap on top of the monster!
Aiming: Power Leap
Press: ? - help, Dir - move target, p - orc warrior You kill the orc warrior!
The orc warrior hits you but does no damage.
The orc warlord hits you with a +1 long sword of holy wrath!
You convulse!
You focus your inner power and illuminate the orc warlord in retribution!
Unknown command.
Unknown command.
Okay, then.
Okay, then.
Okay, then.
You feel very mighty all of a sudden. The orc warrior misses you.
The orc warlord closely misses you.
You slash the orc warlord!
The orc warlord is moderately wounded.
You slash the orc warrior!
You kill the orc warrior!
The orc warlord hits you with a +1 long sword of holy wrath.
You convulse.
You hit the orc warlord.
The orc warlord is moderately wounded.
The orc warlord hits you with a +1 long sword of holy wrath!
You convulse!
* * * LOW HITPOINT WARNING * * *
You focus on the pain.
You feel your power returning. The orc warlord blocks your attack. x2
The orc warlord is moderately wounded.
The orc warlord stops glowing.
The orc warlord closely misses you.
You slice the orc warlord!!
The orc warlord is heavily wounded.
The orc warlord hits you with a +1 long sword of holy wrath!!
* * * LOW HITPOINT WARNING * * *
A demonic guardian appears!
You convulse!!
You die...

#.....................
#.......(.............
#..................... #####
#[....................
#...###.....................
#....................##..###
#...##.#...3......##....####
#.....................#.##..
#######..[.@).......###.#...
#####.o......)###.....
#.>.).............
##.##..#.##.......
#.#..##..........
#...#.....##.....
#.....#..........
##...>............
#......###....#...


You could see an orc warlord (ally target) and a friendly sun demon (summoned).

Vanquished Creatures
  2 hydras (Lair:5)
  A vault guard (D:14)
  A ghost crab (Lair:3)
  Harold (D:9)
  2 centaur warriors (D:13)
  2 ogre magi (Orc:2)
  7 boulder beetles
  2 catoblepae
  A deep troll shaman (Lair:5)
  10 two-headed ogres
  13 death yaks
  Nergalle (D:10)
  2 skysharks
  A spectral catoblepas (Lair:3)
  2 deep trolls (Orc:2)
  A deep elf pyromancer (D:12)
  A lindwurm (Lair:3)
  Pikel (D:5)
  4 ugly things
  A manticore (D:12)
  7 cyclopes
  3 black mambas
  14 elephants
  Joseph (D:9)
  9 cane toads
  A torpor snail (Lair:5)
  A gargoyle (D:13)
  2 komodo dragons
  4 rime drakes
  2 tengu conjurers (D:14)
  16 trolls
  A meliai (D:14)
  4 polar bears
  6 hornets
  20 blink frogs
  2 dream sheep (D:9)
  2 wraiths
  4 shadows
  A spectral komodo dragon (Lair:3)
  A basilisk (Lair:1)
  A vampire (D:12)
  Eustachio (D:5)
  35 yaks
  Grum (D:10)
  3 wyverns
  4 steam dragons
  5 vampire mosquitoes
  Menkaure (D:7)
  A naga (Lair:2)
  2 wargs
  7 water moccasins
  18 orc warriors
  3 sky beasts (D:12)
  2 black bears
  A spectral blink frog (Lair:3)
  4 ice beasts
  19 ogres
  17 wolves
  5 centaurs
  A spectral wyvern (Lair:3)
  11 bullfrogs
  2 kobold brigands
  2 gnoll sergeants
  A scorpion (D:7)
  5 wights
  3 killer bees
  A lindwurm simulacrum (IceCv)
  3 electric eels
  6 howler monkeys
  7 komodo dragon simulacra (IceCv)
  2 hounds
  17 orc priests
  2 iguanas
  Ijyb (D:5)
  2 sleepcaps
  23 orc wizards
  Natasha (D:2)
  2 polar bear simulacra (Lair:1)
  9 gnolls
  3 acid dragon simulacra (IceCv)
  8 adders
  A shadow imp (D:8)
  2 white imps
  A steam dragon simulacrum (IceCv)
  2 ufetubi
  3 dart slugs
  66 orcs
  10 ball pythons
  13 endoplasms
  11 giant cockroaches
  5 goblins
  3 hobgoblins
  6 jackals
  8 quokkas
  4 bats
  6 frilled lizards
  14 kobolds
  2 rats
  A bush (Lair:5)
557 creatures vanquished.

Vanquished Creatures (collateral kills)
  A boulder beetle (Lair:5)
  2 death yaks
  2 gargoyles (D:7)
  2 cane toads (Lair:2)
  A polar bear (Lair:4)
  3 dream sheep (D:9)
  A blink frog (Lair:2)
  2 nagas (Lair:2)
  An orc warrior (D:7)
  An ice beast (D:6)
  A wolf (Lair:5)
  A gnoll sergeant (D:11)
  A jelly (D:5)
  Jessica (D:3)
  A worm (D:2)
  A goblin (D:2)
22 creatures vanquished.

Vanquished Creatures (others)
  Snorg (D:12)
  A centaur warrior (D:13)
  A death yak (Lair:5)
  A lindwurm (Lair:5)
  A guardian serpent (Lair:2)
  A cane toad (Lair:1)
  A gargoyle (D:7)
  A troll (Orc:1)
  A blink frog (Lair:2)
  A yak (Lair:4)
  2 orc warriors
  A black bear (Lair:5)
  An ogre (Orc:2)
  A wolf (Lair:4)
  An orc wizard (Orc:2)
  A gnoll (D:10)
  4 orcs
  A bush (Lair:5)
  56 fungi
  52 plants
130 creatures vanquished.

Grand Total: 709 creatures vanquished

Notes
Turn   | Place    | Note
-------+----------+-------------------------------------------
     0 | D:1      | erloom the Demonspawn Gladiator began the quest for the
                  | Orb.
     0 | D:1      | Reached XP level 1. HP: 16/16 MP: 1/1
    82 | D:1      | Reached skill level 3 in Axes
   211 | D:1      | Gained mutation: A weak demonic guardian rushes to your
                  | aid. [demonic ancestry]
   211 | D:1      | Reached XP level 2. HP: 22/22 MP: 2/2
   675 | D:2      | Found a basalt altar of Yredelemnul.
   853 | D:2      | Reached XP level 3. HP: 27/27 MP: 3/3
  1053 | D:2      | Identified the ring "Cogy Ciu" {Drain rElec rF+ EV+5}
  1061 | D:2      | Noticed Natasha
  1072 | D:2      | Killed Natasha
  1073 | D:2      | Reached skill level 1 in Armour
  1147 | D:2      | Reached skill level 4 in Axes
  1250 | D:2      | Reached XP level 4. HP: 33/33 MP: 4/4
  1447 | D:3      | Found a faded altar of an unknown god.
  1568 | D:3      | Noticed Jessica
  1583 | D:3      | Killed Jessica
  2584 | D:4      | Noticed a black bear
  2830 | D:4      | Gained mutation: You are vulnerable to cold. (rC-) [potion
                  | of mutation]
  2830 | D:4      | Gained mutation: You are resistant to electric shocks.
                  | (rElec) [potion of mutation]
  2830 | D:4      | Gained mutation: Your flesh is heat resistant. (rF+)
                  | [potion of mutation]
  2836 | D:4      | Killed a black bear
  2837 | D:4      | Reached skill level 5 in Axes
  2837 | D:4      | Reached XP level 5. HP: 38/38 MP: 5/5
  2878 | D:4      | Found a snail-covered altar of Cheibriados.
  2968 | D:5      | Entered Level 5 of the Dungeon
  2968 | D:5      | Noticed Eustachio
  3099 | D:5      | Killed Eustachio
  3100 | D:5      | Reached skill level 6 in Axes
  3100 | D:5      | Reached XP level 6. HP: 41/44 MP: 6/6
  3108 | D:5      | Noticed Pikel
  3386 | D:5      | Noticed Ijyb
  3399 | D:5      | Killed Ijyb
  3409 | D:5      | Found a glowing drain.
  3459 | Sewer    | Entered a sewer
  3650 | Sewer    | Reached skill level 7 in Axes
  3849 | Sewer    | Gained mutation: You are partially covered in molten
                  | scales. (AC +2) [demonic ancestry]
  3849 | Sewer    | Reached XP level 7. HP: 50/50 MP: 7/7
  4140 | D:5      | Reached skill level 8 in Axes
  4377 | D:5      | Reached XP level 8. HP: 41/56 MP: 8/8
  4734 | D:6      | Reached skill level 9 in Axes
  4835 | D:6      | Found Loywiuh's Jewellery Shoppe.
  4855 | D:6      | Found a staircase to the Ecumenical Temple.
  4862 | Temple   | Entered the Ecumenical Temple
  4937 | Temple   | Became a worshipper of Ru the Awakened
  5108 | D:6      | Found an ornate altar of the Wu Jian Council.
  5537 | D:6      | Identified the +0 whip of Mourning {antimagic, Str+3 Int-4
                  | Dex+5 SInv}
  6024 | D:5      | Paralysed by Pikel for 3 turns
  6029 | D:5      | Paralysed by Pikel for 3 turns
  6049 | D:5      | Killed Pikel
  6050 | D:5      | Reached skill level 5 in Dodging
  6050 | D:5      | Gained mutation: A demonic guardian rushes to your aid.
                  | [demonic ancestry]
  6050 | D:5      | Reached XP level 9. HP: 44/67 MP: 5/9
  6262 | D:6      | Reached skill level 5 in Fighting
  6680 | D:7      | Noticed Menkaure
  6690 | D:7      | Killed Menkaure
  6782 | D:7      | Reached skill level 1 in Evocations
  6806 | D:7      | Gained mutation: You are somewhat unskilled. (-1 Apt) [Ru
                  | sacrifice]
  6806 | D:7      | Reached * piety under Ru
  6883 | D:7      | Reached skill level 1 in Evocations
  6909 | D:7      | Noticed a gargoyle
  6923 | D:7      | Killed a gargoyle
  6924 | D:7      | Reached skill level 5 in Fighting
  6924 | D:7      | Reached skill level 5 in Dodging
  7031 | D:7      | Noticed a gargoyle
  7046 | D:7      | HP: 1/68 [gargoyle/stone arrow (18)]
  7047 | D:7      | Killed a gargoyle
  7570 | D:7      | Noticed a gargoyle
  7574 | D:7      | Killed a gargoyle
  8016 | D:8      | Found a transporter.
  8019 | D:8      | Found a transporter.
  8031 | D:8      | Found a transporter.
  8031 | D:8      | Found a transporter.
  8053 | D:8      | Found a transporter.
  8060 | D:8      | Found a transporter.
  8082 | D:8      | Gained mutation: You are mostly covered in molten scales.
                  | (AC +3) [demonic ancestry]
  8082 | D:8      | Reached XP level 10. HP: 68/76 MP: 7/10
  8246 | D:8      | Found a runed translucent gate.
  8247 | D:8      | Found a runed translucent gate.
  8247 | D:8      | Found a runed translucent gate.
  8534 | D:8      | Noticed Nattefrost's ghost (journeyman HuFi)
  8534 | D:8      | Noticed diceflayer's ghost (novice DsHu)
  8796 | D:9      | Found a transporter.
  8802 | D:9      | Noticed a brown ugly thing
  8802 | D:9      | Noticed a cyclops
  8805 | D:9      | Noticed a gargoyle
  8806 | D:9      | Noticed codl's ghost (novice AtBe)
  8872 | D:9      | Noticed a two-headed ogre
  8901 | D:10     | Entered Level 10 of the Dungeon
  8920 | D:9      | Noticed a two-headed ogre
  9149 | D:9      | Killed a two-headed ogre
  9494 | D:9      | Found a transporter.
  9523 | D:9      | Reached skill level 10 in Axes
  9657 | D:9      | Noticed Joseph
  9676 | D:9      | Paralysed by Joseph for 3 turns
  9679 | D:9      | Killed Joseph
  9960 | D:9      | Gained mutation: You occasionally lose the ability to read
                  | scrolls when taking damage. [Ru sacrifice]
  9960 | D:9      | Gained mutation: You sometimes lose the ability to read
                  | scrolls when taking damage. [Ru sacrifice]
  9960 | D:9      | Reached ** piety under Ru
 10283 | D:9      | Found the +5 robe of Night {Dark Will+ SInv}
 10409 | D:9      | Found a shimmering blue altar of Sif Muna.
 10732 | D:10     | Gained mutation: You sometimes gain a little power by
                  | taking damage. [demonic ancestry]
 10732 | D:10     | Reached XP level 11. HP: 79/84 MP: 9/11
 10836 | D:10     | Noticed Harold
 10893 | D:9      | Killed Harold
 11521 | D:10     | Noticed Grum
 11547 | D:10     | Killed Grum
 11647 | D:10     | Noticed Nergalle
 11802 | D:10     | Found a staircase to the Lair.
 12017 | D:10     | Killed Nergalle
 12207 | Lair:1   | Entered Level 1 of the Lair of Beasts
 12283 | Lair:1   | Noticed a catoblepas
 12302 | Lair:1   | Killed a catoblepas
 12422 | Lair:1   | Found a frozen archway.
 12537 | IceCv    | Entered an ice cave
 12656 | IceCv    | Reached skill level 11 in Axes
 13518 | Lair:1   | Paralysed by a hornet for 2 turns
 15127 | Lair:2   | Gained mutation: You cannot study or cast Air magic. [Ru
                  | sacrifice]
 15127 | Lair:2   | Gained mutation: You cannot study or cast Hexes magic. [Ru
                  | sacrifice]
 15127 | Lair:2   | Gained mutation: You cannot study or cast Translocations
                  | magic. [Ru sacrifice]
 15127 | Lair:2   | Reached *** piety under Ru
 15173 | Lair:2   | Found a staircase to the Snake Pit.
 15301 | Lair:2   | Gained mutation: You have a pair of small horns on your
                  | head. [demonic ancestry]
 15301 | Lair:2   | Reached XP level 12. HP: 68/95 MP: 8/12
 15729 | Lair:2   | Noticed a death yak
 15738 | Lair:2   | Killed a death yak
 15921 | Lair:2   | Found the +3 pair of seven-league boots {Rampage+∞}
 15931 | Lair:2   | Noticed a boulder beetle
 15959 | Lair:2   | Killed a boulder beetle
 16403 | Lair:3   | Noticed kSektR's ghost (journeyman MiFi)
 16479 | Lair:3   | Identified the +0 scale mail "Uffip" {rN+ Will- Int+3}
 16516 | Lair:3   | Noticed a death yak
 16516 | Lair:3   | Noticed a death yak
 16517 | Lair:3   | Noticed a death yak
 16517 | Lair:3   | Noticed a death yak
 16517 | Lair:3   | Noticed a death yak
 16517 | Lair:3   | Noticed a death yak
 16525 | Lair:3   | Reached skill level 10 in Fighting
 16531 | Lair:3   | Reached skill level 12 in Axes
 16566 | Lair:2   | Killed a death yak
 16863 | Lair:3   | Found a shimmering altar of Xom.
 16868 | Lair:3   | Found a runed translucent door.
 17429 | Lair:3   | Found a staircase to the Swamp.
 17429 | Lair:3   | Noticed a ghost crab
 17466 | Lair:3   | Killed a ghost crab
 17467 | Lair:3   | Reached skill level 10 in Dodging
 17705 | Lair:3   | Killed a death yak
 17722 | Lair:3   | Killed a death yak
 17730 | Lair:3   | Killed a death yak
 17961 | Lair:2   | Killed a death yak
 18081 | Lair:3   | Killed a death yak
 18260 | Lair:3   | Reached XP level 13. HP: 100/105 MP: 11/13
 19170 | Lair:4   | Gained mutation: You cannot be stealthy. [Ru sacrifice]
 19170 | Lair:4   | Reached **** piety under Ru
 19770 | Lair:5   | Entered Level 5 of the Lair of Beasts
 20272 | Lair:5   | Reached skill level 13 in Axes
 20374 | Lair:5   | Found a viscous altar of Jiyva.
 20374 | Lair:5   | Found a staircase to the Slime Pits.
 21352 | Lair:5   | Reached skill level 5 in Armour
 21583 | Lair:5   | Reached XP level 14. HP: 104/114 MP: 12/14
 22540 | D:11     | Found the +6 shillelagh "Devastator" {shatter}
 22570 | D:11     | Identified the +1 pair of boots of Zetoripi {rC++ rN+
                  | Dex-2}
 22614 | D:10     | Gained mutation: You cannot train Armour skill. [Ru
                  | sacrifice]
 22614 | D:10     | Reached ***** piety under Ru
 22677 | D:11     | Found a staircase to the Orcish Mines.
 23279 | Orc:1    | Entered Level 1 of the Orcish Mines
 23620 | Orc:2    | Entered Level 2 of the Orcish Mines
 23952 | Orc:1    | Found a radiant altar of Vehumet.
 24528 | Orc:2    | Found a staircase to the Elven Halls.
 24565 | Orc:2    | Found Ywni's Book Emporium.
 24651 | Orc:2    | Reached skill level 14 in Axes
 24715 | Orc:2    | Found Loukk's Armour Shoppe.
 24718 | Orc:2    | Found Dofoba's Book Shop.
 24728 | Orc:2    | Found Vaexa's Distillery.
 24920 | Orc:2    | Bought a potion of resistance for 120 gold pieces
 24920 | Orc:2    | Bought a potion of haste for 120 gold pieces
 24959 | Orc:2    | Gained mutation: You are frail. (-10% HP) [Ru sacrifice]
 24959 | Orc:2    | Reached ****** piety under Ru
 25592 | D:12     | Noticed Snorg
 25611 | D:12     | Killed Snorg
 26431 | D:13     | Identified the +3 ring mail of Edisex {rPois Int+8 Dex-5}
 26437 | D:12     | Identified a scroll of acquirement
 26437 | D:12     | Acquired a +7 executioner's axe of pain
 26535 | D:13     | Gained mutation: You have a pair of horns on your head.
                  | [demonic ancestry]
 26535 | D:13     | Reached XP level 15. HP: 47/111 MP: 7/15
 27159 | D:14     | Found a corrupted altar of Lugonu.
 27370 | D:14     | Found a gate to the Vaults.
 27754 | D:13     | Slain by an orc warlord

Illustrated notes

Levels and vault maps discovered:
D:1:      psy_arrival_radial01, layout_rooms
D:2:      minmay_general_purpose_star, layout_rooms, basic_altar, uniq_natasha
D:3:      layout_loops_cross, shapermc_ecumenical_altar_totnotflames,
          minmay_door_square, nicolae_hexahallways, kennysheep_generic_room_4,
          uniq_jessica
D:4:      layout_basic, general_overflow_altar, serial_aquarium,
          aquarium_bridge_island_small [aquarium_subvault_small_open,
          aquarium_subvault_window, aquarium_subvault_bridge,
          aquarium_subvault_bridge, aquarium_subvault_window],
          aquarium_bridge_straight [aquarium_subvault_bridge,
          aquarium_subvault_window, aquarium_subvault_bridge,
          aquarium_subvault_wall], aquarium_window_fake, aquarium_window_fake,
          aquarium_window_2, aquarium_window_2, aquarium_view_2a,
          aquarium_view_2c, aquarium_balcony_3b
D:5:      layout_basic, gup_sewer_entry_glass, uniq_eustachio, uniq_ijyb,
          uniq_pikel
D:6:      layout_basic, mainiacjoe_overflow_large_starburst,
          minmay_temple_entry_proselytizer, serial_aquarium,
          aquarium_bridge_square [aquarium_subvault_bridge,
          aquarium_subvault_bridge, aquarium_subvault_balcony,
          aquarium_subvault_wall], aquarium_window_1, aquarium_window_corner,
          aquarium_window_fake, aquarium_window_fake, aquarium_view_2c,
          aquarium_pool_side, serial_shops, shop, nrook_campfire,
          hangedman_decor_diamond_cutter, amcnicky_mini_pool_medium
D:7:      cheibrodos_statue_roulette, layout_rooms, serial_co_window_serial,
          co_window_of_opportunity_a, co_window_corner_a,
          co_window_of_opportunity_a, co_window_of_opportunity_a,
          co_window_paths_a, co_window_cross_1, co_window_unsneaky_path_e,
          co_window_paths_c, co_window_of_opportunity_b, co_window_paths_c,
          co_window_4corner_b, hex_tiny, wad_floor_pattern_untrapped,
          uniq_menkaure
D:8:      layout_basic, gammafunk_ghost_cemetery, serial_nicolae_subway,
          nicolae_sub_station_metal, nicolae_sub_station_stone,
          nicolae_sub_station_crystal
D:9:      layout_loops_ring, lemuel_blue_sif_altar, nzn_ghost_randoct,
          chequers_serial_rivers_room_a, hellmonk_guarded_unrand_night,
          uniq_joseph
D:10:     layout_basic, david_lair_shrubbed, uniq_nergalle, uniq_harold,
          uniq_grum
D:11:     layout_rooms, david_orc_5, kennysheep_generic_room_15
D:12:     layout_small_grid, hangedman_misty_isle, uniq_snorg
D:13:     layout_rooms
D:14:     orc_temple, layout_stronghold, david_vaults_5, fiery_altar_vehumet,
          gauntlet_entry_generic, tgw_lugonu_bribe
Temple:   nicolae_temple_bog_church
Lair:1:   layout_long_grid, portal_ice_cave_entry_ice_simulacra,
          dreamdust_wasp_nest
Lair:2:   layout_chaotic_city, guppyfry_snake_entry_island,
          nicolae_quartered_pool_impasse, nicolae_lair_grove_arrangements,
          hellmonk_guarded_unrand_seven_league_boots
Lair:3:   layout_roguey, nicolae_swamp_entry_spooky,
          hellmonk_ghost_happy_afterlife, basic_altar, nicolae_lair_lindhole,
          serial_bayou_shore_a, lemuel_fruit_tree
Lair:4:   layout_concentric_octagons, beast_lair_carwin_11
Lair:5:   grunt_lair_end_beastmaster, layout_regular_city, slime_entry_1
Orc:1:    layout_caves, basic_altar, nicolae_volcano_entry_s_turn
Orc:2:    st_orc_open, layout_caves, rock_pile

Skill      XL: |  1  2  3  4  5  6  7  8  9 10 11 12 13 14 |
---------------+-------------------------------------------+-----
Axes           | 3 4 5 6 7 8 9 10 11 12 13 14 | 14.5
Armour         | 1 2 5 0 |  0.0
Dodging        | 5 5 7 8 10 11 12 | 12.7
Fighting       | 4 5 7 9 10 11 13 | 13.5
Evocations     | 2 |  2.0
Throwing       | |  1.5

Action                     |  1- 3 |  4- 6 |  7- 9 | 10-12 | 13-15 || total
---------------------------+-------+-------+-------+-------+-------++-------
  Melee: War axe           |    90 |   226 |   366 |   141 |       ||   823
         Punch             |     2 |     4 |     7 |     1 |     1 ||    15
         Battleaxe         |       |       |       |   685 |   998 ||  1683
         Whip              |       |       |       |    27 |     7 ||    34
         Headbutt          |       |       |       |    84 |   282 ||   366
         Executioner's axe |       |       |       |       |    99 ||    99
 Invoke: Sacrifice Skill   |       |       |     1 |       |       ||     1
         Sacrifice Words   |       |       |       |     1 |       ||     1
         Sacrifice Arcana  |       |       |       |     1 |       ||     1
         Draw Out Power    |       |       |       |     2 |     2 ||     4
         Sacrifice Stealth |       |       |       |       |     1 ||     1
         Power Leap        |       |       |       |       |     4 ||     4
         Sacrifice Health  |       |       |       |       |     1 ||     1
         Sacrifice Durabil |       |       |       |       |     1 ||     1
  Evoke: Wand              |       |       |     1 |     9 |    11 ||    21
    Use: Potion            |       |     5 |       |     4 |     2 ||    11
         Scroll            |       |       |       |    11 |     7 ||    18
   Stab: Sleeping          |     1 |       |       |       |       ||     1
         Distracted        |       |       |       |     3 |     7 ||    10
         Invisible         |       |       |       |     3 |     8 ||    11
         Paralysed         |       |       |       |       |     2 ||     2
 Armour: Leather armour    |    29 |     1 |       |       |       ||    30
         Ring mail         |       |    58 |   126 |   213 |   340 ||   737
  Dodge: Dodged            |    77 |   213 |   300 |   813 |  1085 ||  2488
